 Dungeon Crawl Stone Soup version 0.20.0-4-g10b340a (webtiles) character file.

31500 IcyS the Spear-Bearer (level 13, -2/124 HPs)
             Began as an Octopode Fighter on May 28, 2017.
             Was a High Priest of Hepliaklqana.
             Slain by an elephant (6 damage)
             ... on level 6 of the Lair of Beasts.
             The game lasted 01:57:18 (18796 turns).

IcyS the Spear-Bearer (Octopode Fighter)           Turns: 18796, Time: 01:57:20

Health: -2/124     AC: 26    Str: 14 (16) XL:     13   Next: 58%
Magic:  28/28      EV:  2    Int:  8 (11) God:    Hepliaklqana [*****.]
Gold:   1082       SH: 13    Dex: 13 (15) Spells: 3/20 levels left

rFire    . . .     SeeInvis .   a - +1 trident
rCold    . . .     Gourm    .   b - +0 shield
rNeg     + + +     Faith    .   (helmet currently unavailable)
rPois    +         Spirit   .   G - +2 amulet of reflection
rElec    .         Reflect  +   h - ring of flight
rCorr    .         Harm     .   e - ring of stealth
MR       .....     Rnd*Rage +   D - ring of magical power Stlth +++.......NoTele +
                                r - ring of wizardry
Regen    0.7/turn               (no ring)
MPRegen  0.3/turn               (no ring)
                                (no ring)
                                (no ring)

@: tree-form (expiring), very slightly contaminated, invisible
A: almost no armour, stealthy swim, (amphibious), 8 rings, (constrict 8),
reduced essence, berserk 1, deterioration 1, regeneration 1, subdued magic 1
a: Recall Ancestor, Ancestor Identity, Transference, Idealise, Renounce Religion


You were on level 6 of the Lair of Beasts.
You worshipped Hepliaklqana.
Hepliaklqana was extremely pleased with you.
You were not hungry.
You were a tree.
You visited 3 branches of the dungeon, and saw 16 of its levels.
You also visited: Labyrinth.

You collected 1082 gold pieces.

Inventory:

Hand Weapons
 a - a +1 trident (weapon)
 s - a +0 blowgun
 C - the +4 hunting sling "Mowypluk" {velocity, rPois Int+4}
   (You found it in a labyrinth)

   Any stone fired from it inflicts extra damage.
   It affects your intelligence (+4).
   It protects you from poison.
Missiles
 t - 46 poisoned needles
Armour
 b - a +0 shield (worn)
 o - a +1 hat (melded)
Jewellery
 e - a ring of stealth (right branch)
 h - a ring of flight (left branch)
 r - a ring of wizardry (on tentacle)
 D - a ring of magical power (on tentacle)
 G - a +2 amulet of reflection (around neck)
Wands
 f - a wand of acid (12/15)
 i - a wand of confusion (12/48)
 v - a wand of iceblast (3/15)
 w - a wand of random effects (28/48)
 y - a wand of random effects (21/48)
 I - a wand of paralysis (7/24)
 L - a wand of polymorph (13/24)
Scrolls
 g - 2 scrolls of identify
 l - 5 scrolls of teleportation
 n - a scroll of enchant armour {unknown}
 u - 2 scrolls of blinking
 x - 5 scrolls of remove curse
 z - a scroll of enchant weapon
 E - a scroll of fog
Potions
 c - a potion of ambrosia {unknown}
 j - 2 potions of haste
 m - 4 potions of curing
 A - a potion of flight
 B - a potion of lignification
 F - a potion of magic
 H - a potion of cancellation {unknown}
 K - a potion of mutation {unknown}
 N - 3 potions of heal wounds {unknown}
Books
 q - a book of Necromancy

   Spells                             Type                      Level
   a - Pain                           Necromancy                   1
   b - Animate Skeleton               Necromancy                   1
   c - Vampiric Draining              Necromancy                   3
   d - Regeneration                   Charms/Necromancy            3
   e - Animate Dead                   Necromancy                   4
   f - Control Undead                 Necromancy                   4
Miscellaneous
 J - a sack of spiders
Comestibles
 d - 7 bread rations
 k - 2 meat rations
 M - a chunk of flesh
 O - 3 fruits


   Skills:
 - Level 10.3 Fighting
 - Level 14.1 Polearms
 - Level 9.3 Dodging
 - Level 1.3 Stealth
 - Level 10.0 Shields
 + Level 4.2 Spellcasting
 + Level 2.3 Hexes
 + Level 4.6 Charms
 + Level 1.7 Translocations


You had 3 spell levels left.
You knew the following spells:

 Your Spells              Type           Power        Failure   Level  Hunger
a - Shroud of Golubria    Chrm/Tloc      #.........   8%          2    ###....
b - Portal Projectile     Hex/Tloc       #.....       24%         3    ###....
c - Dispersal             Tloc           #.........   100%        6    #######
d - Spectral Weapon       Hex/Chrm       #.......     13%         3    ###....
e - Regeneration          Chrm/Necr      #.........   22%         3    ###....


Dungeon Overview and Level Annotations

Branches:
Dungeon (9/15)             Temple (1/1) D:6            Lair (6/6) D:9
  Swamp (0/4) Lair:2        Snake (0/4) Lair:3          Orc (0/2) D:9
  Slime: Lair:5-6

Altars:
Ashenzari
Cheibriados
Elyvilon
Fedhas
Gozag
Hepliaklqana
Kikubaaqudgha
Nemelex Xobeh
Qazlal
Ru
Sif Muna
Vehumet
Yredelemnul
Zin
The Shining One
Beogh

Annotations:
Lair:2 exclusion: 2 tyrant leeches
Lair:3 exclusion: 2 hydras
Lair:4 exclusions: entropy weaver and 5 more exclusions


Innate Abilities, Weirdness & Mutations

You cannot wear most types of armour.
You are very stealthy in the water. (Stealth+)
((You are amphibious.))
You can wear up to eight rings at the same time.
((You can use your tentacles to constrict eight enemies at once.))
((Your skin changes colour to match your surroundings (Stealth+).))
((Your rubbery body absorbs attacks. (AC +1, EV +1)))
Your life essence is reduced. (-10% HP)
You tend to lose your temper in combat.
Your body sometimes deteriorates upon taking damage.
Your natural rate of healing is unusually fast.
Your spells are a little easier to cast, but a little less powerful.


Message History

The elephant tramples you but does no damage.
The elephant trunk-slaps you but does no damage.
The elephant tramples you but does no damage.
The elephant trunk-slaps you but does no damage.
You feel better. The elephant tramples you.
* * * LOW HITPOINT WARNING * * *
You block the elephant's attack. x2; The elephant completely misses you. x2
The elephant trunk-slaps you but does no damage.
The elephant tramples you but does no damage.
You block the elephant's attack.
The elephant tramples you but does no damage.
The elephant trunk-slaps you but does no damage.
You strike the helpless elephant from behind!
You puncture the elephant!
The elephant is almost dead.
The elephant tramples you.
* * * LOW HITPOINT WARNING * * *
You block the elephant's attack. x2; The elephant completely misses you.
The elephant tramples you.
You die...

#..........
........P#
##.......#
#........#
#........##
##§§§§§...#
#P§YYY§...#
#§Y♣Y§..##
#§§§§§...#
#%.<§§§..##
##.......#
####..P.#
#####


You could see 5 elephants.

Vanquished Creatures
  The ghost of Kosschaser the Basher, a journeyman GrFi of Okawaru (Lair:4)
  2 hydras
  The ghost of raetorn the Fighter, a novice GrFi of Makhleb (D:7)
  A wizard (D:8)
  A wolf spider (Lair:3)
  5 elephants
  3 spiny frogs
  2 black mambas (Lair:3)
  2 komodo dragons
  8 blink frogs
  2 dream sheep
  3 hippogriffs
  10 yaks
  3 basilisks
  3 hogs
  2 soldier ants (Lair:4)
  13 water moccasins
  4 porcupines
  An orc warrior (D:9)
  2 sky beasts
  3 phantoms
  A necrophage (D:5)
  4 wolves
  3 centaurs (D:7)
  4 crocodiles
  A big kobold (D:8)
  8 bullfrogs
  4 scorpions
  3 howler monkeys
  5 crimson imps
  A quasit (D:7)
  4 hounds
  6 orc priests
  4 jellies
  Crazy Yiuf (D:3)
  A centaur skeleton (D:5)
  7 worker ants
  An iguana (D:9)
  6 orc wizards
  A hound skeleton (D:5)
  A worker ant zombie (D:6)
  2 gnolls (D:9)
  A howler monkey skeleton (D:5)
  21 adders
  An ooze (D:3)
  2 worms
  2 dart slugs
  3 leopard geckos
  23 orcs
  3 ball pythons
  4 bats
  7 giant cockroaches
  8 goblins
  3 hobgoblins
  24 jackals
  A quokka (D:2)
  7 frilled lizards
  A giant cockroach zombie (D:6)
  10 kobolds
  A quokka skeleton (D:5)
  9 rats
  A butterfly (Lair:5)
  13 plants (D:9)
285 creatures vanquished.

Vanquished Creatures (collateral kills)
  A minotaur (Lab)
  2 hydras
  The ghost of Anaetherus the Blocker, a journeyman MiFi of Trog (Lair:1)
  A catoblepas (Lair:4)
  2 orc sorcerers (D:8)
  3 elephants (Lair:4)
  2 black mambas
  A spiny frog (Lair:4)
  A gargoyle (Lab)
  2 komodo dragons
  5 hippogriffs
  6 blink frogs
  2 dream sheep
  8 yaks
  A hog (D:7)
  A hungry ghost (D:9)
  A human (D:7)
  A soldier ant (Lair:4)
  4 water moccasins
  6 porcupines
  An orc warrior (D:9)
  A necrophage (D:9)
  An ice beast (D:8)
  A sky beast (D:6)
  A centaur (D:7)
  4 wolves
  2 crocodiles
  A gnoll sergeant (D:9)
  A bullfrog (Lair:2)
  An earth elemental (Lab)
  An electric eel (Lair:5)
  A howler monkey (D:9)
  A jelly (D:9)
  4 orc priests
  6 orc wizards
  A worker ant (D:9)
  2 gnolls (D:9)
  3 adders
  7 orcs
  A quokka (D:7)
  A ball python (Lair:3)
  A jackal skeleton (D:8)
  A kobold (D:8)
  3 fungi
  8 plants
106 creatures vanquished.

Vanquished Creatures (others)
  An elephant (Lair:6)
  A rime drake (Lair:6)
  17 battlemagi
  An orc wizard (D:8)
  8 ancestors (D:7)
  14 fungi
  10 plants
52 creatures vanquished.

Grand Total: 443 creatures vanquished

Notes
Turn   | Place    | Note
-------+----------+-------------------------------------------
     0 | D:1      | IcyS the Octopode Fighter began the quest for the Orb.
     0 | D:1      | Reached XP level 1. HP: 16/16 MP: 1/1
   230 | D:1      | Reached XP level 2. HP: 19/21 MP: 2/2
   498 | D:1      | Reached skill level 3 in Polearms
   886 | D:2      | Reached XP level 3. HP: 21/26 MP: 3/3
  1294 | D:2      | Reached skill level 4 in Polearms
  1400 | D:2      | Reached XP level 4. HP: 23/31 MP: 4/4
  2095 | D:3      | Found a faded altar of an unknown god.
  2178 | D:3      | Found a sacrificial altar of Ru.
  2403 | D:3      | Reached skill level 5 in Polearms
  2405 | D:3      | Reached XP level 5. HP: 36/36 MP: 5/5
  2771 | D:3      | Found a glowing golden altar of the Shining One.
  2932 | D:3      | Found a runed door.
  2937 | D:3      | Noticed Crazy Yiuf
  2946 | D:3      | Killed Crazy Yiuf
  3206 | D:3      | Reached skill level 6 in Polearms
  3261 | D:3      | Reached XP level 6. HP: 36/42 MP: 6/6
  3874 | D:4      | Found a blossoming altar of Fedhas.
  3874 | D:4      | Found a white marble altar of Elyvilon.
  4022 | D:5      | Entered Level 5 of the Dungeon
  4039 | D:4      | Reached skill level 7 in Polearms
  4143 | D:5      | Noticed a necrophage
  4268 | D:5      | Noticed a phantom
  4337 | D:5      | Reached XP level 7. HP: 39/46 MP: 7/7
  4486 | D:5      | HP: 2/46 [acid (9)]
  4491 | D:5      | Reached skill level 8 in Polearms
  5030 | D:5      | Reached skill level 9 in Polearms
  5030 | D:5      | Reached XP level 8. HP: 12/52 MP: 8/8
  5411 | D:4      | Gained mutation: Your spells are a little easier to cast, but a little less powerful. [mutagenic meat]
  5412 | D:4      | Gained mutation: Your body sometimes deteriorates upon taking damage. [mutagenic meat]
  5413 | D:4      | Gained mutation: You tend to lose your temper in combat. [mutagenic meat]
  5415 | D:4      | Gained mutation: Your natural rate of healing is unusually fast. [mutagenic meat]
  5843 | D:6      | Found a staircase to the Ecumenical Temple.
  5852 | Temple   | Entered the Ecumenical Temple
  5878 | Temple   | Became a worshipper of Hepliaklqana the Forgotten
  6402 | D:6      | Reached * piety under Hepliaklqana
  6697 | D:7      | Reached skill level 5 in Fighting
  6697 | D:7      | Reached XP level 9. HP: 47/54 MP: 9/9
  6707 | D:7      | Noticed raetorn's ghost (novice GrFi)
  6802 | D:7      | Reached skill level 5 in Dodging
  6802 | D:7      | Reached skill level 5 in Shields
  8069 | D:7      | Killed raetorn's ghost
  8069 | D:7      | Reached XP level 10. HP: 7/62 MP: 10/10
  8216 | D:7      | Identified the Guide on Unholy Dislocation
  8330 | D:8      | Reached ** piety under Hepliaklqana
  8331 | D:8      | Remembered your ancestor Bubbles as a battlemage
  8490 | D:8      | Noticed an orc sorcerer
  8492 | D:8      | Noticed a wizard
  8500 | D:8      | Noticed an orc sorcerer
  8505 | D:8      | Paralysed by an orc sorcerer for 2 turns
  8514 | D:8      | Noticed a wizard
  8514 | D:8      | Killed an orc sorcerer
  8540 | D:8      | Killed a wizard
  8541 | D:8      | Noticed an orange demon
  9654 | D:9      | Found a staircase to the Orcish Mines.
  9788 | D:9      | Found a roughly hewn altar of Beogh.
 10034 | D:9      | Found a staircase to the Lair.
 10035 | D:9      | Reached *** piety under Hepliaklqana
 10059 | D:9      | Reached XP level 11. HP: 52/70 MP: 11/11
 10135 | Lair:1   | Entered Level 1 of the Lair of Beasts
 10207 | Lair:1   | Noticed Anaetherus's ghost (journeyman MiFi)
 10483 | Lair:1   | Killed Anaetherus's ghost
 11453 | Lair:2   | Got a pitted hand axe
 11454 | Lair:2   | Identified the cursed +2 hand axe of Disharmony {chop, rF+ rN+} (You found it on level 2 of the Lair of Beasts)
 11617 | Lair:2   | Reached **** piety under Hepliaklqana
 11625 | Lair:2   | Learned a level 2 spell: Shroud of Golubria
 11789 | Lair:2   | Reached skill level 10 in Polearms
 11789 | Lair:2   | Reached skill level 1 in Charms
 11798 | Lair:2   | Reached skill level 1 in Spellcasting
 11952 | Lair:2   | Found a staircase to the Swamp.
 12115 | Lair:2   | Reached skill level 1 in Stealth
 12557 | Lair:1   | Reached XP level 12. HP: 73/77 MP: 16/16
 12808 | D:8      | Paralysed by an orc sorcerer for 7 turns
 13013 | Lair:1   | Learned a level 3 spell: Portal Projectile
 13020 | Lair:1   | Learned a level 6 spell: Dispersal
 13024 | Lair:1   | Learned a level 3 spell: Spectral Weapon
 13028 | Lair:1   | Learned a level 3 spell: Regeneration
 13204 | Lair:3   | Noticed a six-headed hydra
 13230 | Lair:3   | Killed a six-headed hydra
 13398 | Lair:3   | Noticed a five-headed hydra
 13430 | Lair:3   | Reached skill level 10 in Shields
 13439 | Lair:3   | Noticed a five-headed hydra
 13548 | Lair:3   | Reached skill level 10 in Fighting
 13900 | Lair:3   | Found a staircase to the Snake Pit.
 13986 | Lair:3   | Reached skill level 11 in Polearms
 14374 | Lair:4   | Noticed Kosschaser's ghost (journeyman GrFi)
 14621 | Lair:4   | Reached skill level 12 in Polearms
 14865 | Lair:4   | Noticed an entropy weaver
 15010 | Lair:3   | Killed a five-headed hydra
 15213 | Lair:4   | Reached ***** piety under Hepliaklqana
 15261 | Lair:4   | Reached XP level 13. HP: 83/83 MP: 18/18
 15475 | Lair:4   | Reached skill level 13 in Polearms
 15534 | Lair:4   | Killed Kosschaser's ghost
 16540 | Lair:5   | Found a labyrinth entrance.
 16584 | Lab      | Entered a labyrinth
 17529 | Lab      | Noticed a minotaur
 17545 | Lab      | Killed a minotaur
 17545 | Lab      | Reached skill level 14 in Polearms
 17549 | Lab      | Got a shimmering hunting sling
 17635 | Lab      | Identified the +4 hunting sling "Mowypluk" {velocity, rPois Int+4} (You found it in a labyrinth)
 18412 | Lair:5   | Reached skill level 1 in Hexes
 18529 | Lair:5   | Reached skill level 1 in Translocations
 18756 | Lair:6   | Entered Level 6 of the Lair of Beasts
 18792 | Lair:6   | HP: 3/124 [elephant (11)]
 18793 | Lair:6   | HP: 1/124 [elephant (3)]
 18796 | Lair:6   | Slain by an elephant

Skill      XL: |  1  2  3  4  5  6  7  8  9 10 11 12 13 |
---------------+----------------------------------------+-----
Polearms       | 3 4 5 6 7 9 10 12 14 | 14.1
Fighting       | 5 6 8 9 10 | 10.3
Dodging        | 4 6 8 9 |  9.3
Shields        | 4 6 8 9 10 | 10.0
Charms         | 3 4 |  4.6
Spellcasting   | 2 3 4 |  4.2
Stealth        | 1 |  1.3
Hexes          | 2 |  2.3
Translocations | 1 |  1.7

Action                   |  1- 3 |  4- 6 |  7- 9 | 10-12 | 13-15 || total
-------------------------+-------+-------+-------+-------+-------++-------
Melee: Trident           |    83 |   132 |   274 |   744 |   187 ||  1420
       Tentacles         |    14 |    23 |    54 |   139 |    39 ||   269
       Constrict         |    20 |    26 |    33 |    83 |    13 ||   175
 Fire: Blowgun           |       |     3 |       |       |       ||     3
 Cast: Shroud of Golubri |       |       |       |       |     1 ||     1
Invok: Ancestor Identity |       |       |     1 |     1 |       ||     2
       Recall Ancestor   |       |       |     2 |     3 |     2 ||     7
       Ancestor Life: Ba |       |       |       |     1 |       ||     1
Evoke: Wand              |       |       |       |     2 |     3 ||     5
  Use: Scroll            |       |     7 |     7 |    10 |     3 ||    27
       Potion            |       |       |     4 |     1 |     7 ||    12
 Stab: Sleeping          |     5 |     6 |     6 |     6 |     7 ||    30
       Distracted        |       |       |     3 |    11 |     3 ||    17
       Paralysed         |       |       |       |       |     5 ||     5
       Invisible         |       |       |       |       |     1 ||     1
  Eat: Chunk             |     2 |     9 |    17 |    23 |     7 ||    58
       Meat ration       |       |       |       |       |     1 ||     1
Armor: Skin              |     2 |     6 |     9 |    16 |    55 ||    88
Dodge: Dodged            |    11 |    32 |    57 |   155 |    54 ||   309
Block: Shield            |    15 |    34 |    66 |   197 |    74 ||   386
       Reflection        |       |       |       |     4 |       ||     4
